 Dungeon Crawl Stone Soup version 0.29-a0-529-gfa20dd96a1 (webtiles) character file.

Game seed: 4083151673649510128

536 jifgo the Covered (level 7, -2/44 HPs)
             Began as a Gargoyle Fighter on June 2, 2022.
             Slain by a mummy (13 damage)
             ... in an ossuary.
             The game lasted 00:06:36 (3846 turns).

jifgo the Covered (Gargoyle Fighter)                Turns: 3846, Time: 00:06:38

Health: -2/44      AC: 15    Str: 21    XL:     7   Next: 25%
Magic:  7/7        EV:  7    Int:  9    God:
Gold:   210        SH:  4    Dex:  9    Spells: 6/6 levels left

rFire   . . .      SeeInvis .   a - +0 flail
rCold   . . .      Faith    .   c - +0 buckler
rNeg    + . .      Spirit   .   n - +0 chain mail
rPois   ∞          Reflect  .   g - +0 helmet
rElec   +          Harm     .   (no cloak)
rCorr   .          Rampage  .   (no gloves)
Will    .....                   (no boots)
Stlth   ..........              (no amulet)
HPRegen 0.14/turn               (no ring)
MPRegen 0.10/turn               (no ring)

@: studying Summonings
A: sickness immunity, AC +4, negative energy resistance 1, electricity
resistance, torment resistance 1, petrification resistance
a: no special abilities


You were in an ossuary.
You visited 1 branch of the dungeon, and saw 5 of its levels.
You also visited: Ossuary.

You collected 210 gold pieces.

Inventory:

Hand Weapons
 a - a +0 flail (weapon)
Missiles
 o - 7 poisoned darts (quivered)
Armour
 c - a +0 buckler (worn)
 g - a +0 helmet (worn)
 n - a +0 chain mail (worn)
 s - an orb of mayhem
 u - the +0 robe of Jigsaw {+Inv rF+}
   (You found it on level 4 of the Dungeon)

   rF:        It protects you from fire.
   +Inv:      It lets you turn invisible.
Wands
 m - a wand of iceblast (1)
Scrolls
 e - 3 scrolls of identify {unknown}
 f - 2 scrolls of enchant weapon {unknown}
 h - a scroll of brand weapon {unknown}
 k - a scroll of vulnerability {unknown}
 l - a scroll of teleportation {unknown}
 p - 2 scrolls of magic mapping {unknown}
Potions
 b - a potion of curing {unknown}
 d - 2 potions of might
 i - a potion of brilliance {unknown}
 j - a potion of cancellation {unknown}
 q - a potion of mutation {unknown}
 r - 2 potions of heal wounds {unknown}
 t - a potion of berserk rage {unknown}


   Skills:
 + Level 5.3 Fighting
 + Level 4.1 Maces & Flails
 + Level 5.3 Armour
 - Level 5.0 Shields


You had 6 spell levels left.
You didn't know any spells.
Your spell library was empty.

Dungeon Overview and Level Annotations

Branches:
Dungeon (5/15)            Ossuary (1/1)
 Temple: D:4-7

Altars:

Shops:
D:1 !   D:3 !(*


Innate Abilities, Weirdness & Mutations

You are immune to sickness and miasma.
Your stone body is resilient. (AC +4)
You are immune to poison.
You resist negative energy. (rN+)
You are resistant to electric shocks. (rElec)
You are resistant to unholy torment.
You are immune to petrification.


Message History

The mummy barely misses you.
You hit the orc skeleton.
The orc skeleton is moderately damaged.
The orc skeleton hits you but does no damage.
The mummy barely misses you.
You barely miss the orc skeleton.
The orc skeleton is moderately damaged.
The orc skeleton closely misses you.
You sock the orc skeleton!
You destroy the orc skeleton!
You block the mummy's attack.
You hit the mummy but do no damage.
The mummy is moderately damaged.
The mummy hits you!
* * * LOW HITPOINT WARNING * * *
You hit the mummy but do no damage.
The mummy is moderately damaged.
The mummy hits you but does no damage.
Unknown command.
You hit the mummy but do no damage.
The mummy is moderately damaged.
You hit the mummy but do no damage.
The mummy is moderately damaged.
The mummy hits you!
* * * LOW HITPOINT WARNING * * *
You sock the mummy!
The mummy is severely damaged.
The mummy hits you.
* * * LOW HITPOINT WARNING * * *
You barely miss the mummy.
The mummy is severely damaged.
The mummy barely misses you.
Unknown command.
You hit the mummy but do no damage.
The mummy is severely damaged.
Unknown command.
You hit the mummy but do no damage.
The mummy is severely damaged.
The mummy hits you!
You die...

#...# #...#
#...# #...#
#...# ##'''##
##.....##
###......M####
W▓...∩.∩..@▓W#
###.......####
##.....##
##...## ##▓##
#W ##


You could see 2 wraiths and a mummy.

Vanquished Creatures
  A black bear (D:4)
  A phantom (D:4)
  A gnoll sergeant (D:5)
  A necrophage (D:4)
  A jelly (D:4)
  An iguana (D:3)
  3 adders
  3 gnolls (D:5)
  An ufetubus (D:5)
  A dart slug (D:1)
  20 orcs
  2 bats
  9 endoplasms
  5 giant cockroaches
  4 goblins
  5 hobgoblins
  8 jackals
  5 quokkas
  8 ball pythons
  2 frilled lizards
  5 gnoll skeletons (Ossuary)
  10 kobolds
  4 orc skeletons (Ossuary)
  4 rats
105 creatures vanquished.

Notes
Turn   | Place    | Note
-------+----------+-------------------------------------------
     0 | D:1      | jifgo the Gargoyle Fighter began the quest for the Orb.
     0 | D:1      | Reached XP level 1. HP: 14/14 MP: 1/1
     5 | D:1      | Found Hocucweurgh's Distillery.
   251 | D:1      | Reached XP level 2. HP: 19/19 MP: 2/2
   676 | D:1      | Reached XP level 3. HP: 23/23 MP: 3/3
   933 | D:1      | Found a faded altar of an unknown god.
  1565 | D:2      | Reached XP level 4. HP: 29/29 MP: 4/4
  1892 | D:3      | Found Hume's Distillery.
  2546 | D:3      | Reached XP level 5. HP: 32/33 MP: 5/5
  2631 | D:3      | Found Hapt's Assorted Antiques.
  2642 | D:3      | Found Veghed's Weapon Shop.
  2810 | D:4      | Noticed a phantom
  2821 | D:4      | Killed a phantom
  2822 | D:4      | Reached XP level 6. HP: 39/39 MP: 6/6
  3211 | D:4      | Identified the +0 robe of Jigsaw {+Inv rF+}
  3459 | D:4      | Noticed a black bear
  3480 | D:4      | Killed a black bear
  3481 | D:4      | Reached skill level 5 in Fighting
  3481 | D:4      | Reached skill level 5 in Armour
  3481 | D:4      | Reached skill level 5 in Shields
  3741 | D:5      | Entered Level 5 of the Dungeon
  3759 | D:5      | Found a sand-covered staircase.
  3769 | D:5      | Reached XP level 7. HP: 44/44 MP: 7/7
  3791 | Ossuary  | Entered an ossuary
  3791 | Ossuary  | Noticed a wraith
  3791 | Ossuary  | Noticed a wraith
  3791 | Ossuary  | Noticed a wraith
  3846 | Ossuary  | Slain by a mummy

Illustrated notes

Levels and vault maps discovered:
D:1:      minmay_arrival_arboretum_small, layout_rooms, serial_shops,
          nicolae_shop_waterfront, dreamdust_ecumenical_altar_statues,
          kennysheep_minor_cross, minmay_domino_2
D:2:      layout_loops_ring
D:3:      layout_basic, serial_shops, nicolae_diamond_shop,
          nicolae_shop_bloodbath_and_beyond, nicolae_shop_stone
D:4:      layout_basic
D:5:      layout_cave_pods, serial_shops,
          nicolae_shop_competitors_out_of_business, enter_ossuary_3
Ossuary:  ossuary_due_mausoleum

Skill      XL: |  1  2  3  4  5  6  7 |
---------------+----------------------+-----
Shields        | 4 5 |  5.0
Armour         | 4 5 |  5.3
Fighting       | 4 5 |  5.3
Maces & Flails | 3 4 |  4.1

Action                   |  1- 3 |  4- 6 |  7- 9 || total
-------------------------+-------+-------+-------++-------
Melee: Flail             |   133 |   182 |    56 ||   371
Throw: Dart              |       |     7 |       ||     7
Evoke: Wand              |       |     2 |     2 ||     4
Armor: Scale mail        |    76 |       |       ||    76
       Chain mail        |     4 |   138 |    66 ||   208
Dodge: Dodged            |    73 |    82 |    37 ||   192
Block: Buckler           |    29 |    34 |    19 ||    82

Table legend: (Time is in decaauts)
 A = Elapsed time spent in this place.
 B = Non-inter-level travel time spent in this place.
 C = Inter-level travel time spent in this place.
 D = Time resting spent in this place.
 E = Time spent auto-exploring this place.
 F = Levels seen in this place.
 G = Mean time per level.
                   A        B        C        D        E       F      G
               +--------+--------+--------+--------+--------+-----+--------+
         Total |   3953 |   3856 |     97 |    367 |   2560 |   6 |  658.8 |
       Dungeon |   3888 |   3791 |     97 |    367 |   2558 |   5 |  777.6 |
       Ossuary |     64 |     64 |      0 |      0 |      2 |   1 |   64.0 |
               +--------+--------+--------+--------+--------+-----+--------+

Top non-repeatable levels by time:
     D:1: 1025 daAuts
     D:4: 1016 daAuts
     D:3: 1015 daAuts
     D:2: 777 daAuts
 Ossuary: 64 daAuts
     D:5: 53 daAuts
